[Event "RUDAR 1 IM 2022"]
[Site "Pozarevac"]
[Date "2022.03.28"]
[Round "4.1"]
[White "Milanovic, Slavisa"]
[Black "Acor, Corey"]
[Result "1/2-1/2"]
[ECO "D46"]
[WhiteElo "2296"]
[BlackElo "2326"]
[Annotator "NA"]
[PlyCount "88"]
[EventDate "2022.03.27"]
[EventType "tourn"]
[EventCountry "SRB"]
[SourceTitle "playchess.com"]
[Source "ChessBase"]
[SourceQuality "1"]
[TimeControl "40/5400+30:900+30"]

1. d4 d5 2. Nf3 Nf6 3. c4 e6 4. Nc3 c6 5. e3 Nbd7 6. Qc2 Bd6 7. Bd3 dxc4 8. Bxc4 b5 9. Be2 Bb7 10. e4 Be7 11. O-O a6 12. e5 Nd5 13. Nxd5 cxd5 14. a4 Qa5 15. Bd2 b4 16. Rfc1 Rc8 17. Qd3 O-O 18. Bg5 Qd8 19. Rxc8 Bxc8 20. Bxe7 Qxe7 21. Rc1 Nb6 22. b3 Bb7 23. h4 Rc8 24. Rxc8+ Nxc8 25. Ng5 g6 26. Qe3 Na7 27. h5 Nc6 28. hxg6 fxg6 29. Bg4 Bc8 30. Qc1 Qe8 31. Qc5 h6 32. Nh3 Bd7 33. Nf4 Kf7 34. Nxd5 exd5 35. Qxd5+ Be6 36. Qf3+ Kg8 37. Bxe6+ Qxe6 38. Qe4 Ne7 39. Qb7 Kf7 40. Qxb4 Qd5 41. Qb6 Qc6 42. Qd8 Qd5 43. Qb6 Qc6 44. Qd8 Qd5 1/2-1/2

[Event "RUDAR 1 IM 2022"]
[Site "Pozarevac"]
[Date "2022.03.28"]
[Round "4.2"]
[White "Spasic, Petar"]
[Black "Savitha Shri B"]
[Result "1-0"]
[ECO "D02"]
[WhiteElo "2334"]
[BlackElo "2257"]
[Annotator "NA"]
[PlyCount "83"]
[EventDate "2022.03.27"]
[EventType "tourn"]
[EventCountry "SRB"]
[SourceTitle "playchess.com"]
[Source "ChessBase"]
[SourceQuality "1"]
[TimeControl "40/5400+30:900+30"]

1. Nf3 Nf6 2. b3 c5 3. Bb2 e6 4. g3 Nc6 5. Bg2 d5 6. O-O Bd6 7. d4 O-O 8. dxc5 Bxc5 9. c4 dxc4 10. Qc1 Qe7 11. Qxc4 e5 12. Nbd2 Bf5 13. Rac1 Bb4 14. Nb1 Bd6 15. Nc3 Rac8 16. Nh4 Be6 17. Qd3 Rfd8 18. Ne4 Nxe4 19. Bxe4 Ba3 20. Qb1 Nd4 21. Bxh7+ Kh8 22. Bd3 e4 23. Rxc8 Bxc8 24. Bxa3 Qxa3 25. Bxe4 Nxe2+ 26. Kh1 Qb4 27. Bg2 Be6 28. Nf3 Qb5 29. Qe4 Kg8 30. Qe3 Rc8 31. a4 Qa6 32. Ng5 Re8 33. Rd1 Qa5 34. h4 Nc3 35. Rd3 Nd5 36. Qe5 f6 37. Rxd5 Qa6 38. Qd4 fxg5 39. Rxg5 Re7 40. Re5 Kf8 41. Qc5 Kf7 42. Bh3 1-0

[Event "RUDAR 1 IM 2022"]
[Site "Pozarevac"]
[Date "2022.03.28"]
[Round "4.3"]
[White "Bryakin, Mikhail"]
[Black "Dudukovic, Nikola"]
[Result "1-0"]
[ECO "A61"]
[WhiteElo "2481"]
[BlackElo "2362"]
[Annotator "ChessBase"]
[PlyCount "65"]
[EventDate "2022.03.27"]
[EventType "tourn"]
[EventCountry "SRB"]
[SourceTitle "playchess.com"]
[Source "ChessBase"]
[SourceQuality "1"]
[TimeControl "40/5400+30:900+30"]

1. d4 Nf6 2. c4 c5 3. d5 e6 4. Nc3 exd5 5. cxd5 d6 6. Nf3 g6 7. Bf4 a6 8. a4 Bg7 9. h3 O-O 10. e3 Ne8 11. Be2 Nd7 12. O-O Rb8 13. Qc2 Qe7 14. a5 Ne5 15. Nxe5 Bxe5 16. Bxe5 Qxe5 17. Qd2 b5 18. axb6 Rxb6 19. f4 Qg7 20. e4 f6 21. Bc4 Nc7 22. Rae1 Re8 23. Qf2 Kh8 24. e5 fxe5 25. fxe5 dxe5 26. Qxc5 Rxb2 27. d6 Ne6 28. Rxe5 Bb7 29. Ne4 Rc2 30. Rxe6 Rxe6 31. d7 Rxg2+ 32. Kxg2 Bxe4+ 33. Kg1 1-0

[Event "RUDAR 1 IM 2022"]
[Site "Pozarevac"]
[Date "2022.03.28"]
[Round "4.4"]
[White "Andreev, Konstantin"]
[Black "Anishka Vikram"]
[Result "1-0"]
[ECO "B78"]
[WhiteElo "2238"]
[BlackElo "2000"]
[Annotator "NA"]
[PlyCount "117"]
[EventDate "2022.03.27"]
[EventType "tourn"]
[EventCountry "SRB"]
[SourceTitle "playchess.com"]
[Source "ChessBase"]
[SourceQuality "1"]
[TimeControl "40/5400+30:900+30"]

1. e4 c5 2. Nf3 d6 3. d4 cxd4 4. Nxd4 Nf6 5. Nc3 g6 6. Be3 Bg7 7. f3 O-O 8. Bc4 Nc6 9. Qd2 Bd7 10. O-O-O Rc8 11. Bb3 Nxd4 12. Bxd4 b5 13. Nd5 Nxd5 14. Bxg7 Kxg7 15. exd5 a5 16. a3 b4 17. a4 Qe8 18. Kb1 Bxa4 19. h4 Bxb3 20. cxb3 h6 21. h5 g5 22. Rhe1 Rb8 23. Qd4+ f6 24. Qa7 Rf7 25. Re6 Ra8 26. Qe3 a4 27. Rd4 Rb8 28. Rc4 axb3 29. Rc7 Kf8 30. Qxb3 Qb5 31. Re1 Qb6 32. Qc4 b3 33. Qc3 Qb5 34. Kc1 Qxd5 35. Rexe7 Rxe7 36. Qxf6+ Qf7 37. Qh8+ Qg8 38. Qxg8+ Kxg8 39. Rxe7 Rc8+ 40. Kd1 Rc2 41. Re2 Rc6 42. g4 Kf7 43. Re3 Rb6 44. Kd2 Kf6 45. Kc3 d5 46. Kd4 Rb5 47. Rc3 Ra5 48. Rxb3 Kf7 49. Rb7+ Kf6 50. Rh7 Ra4+ 51. Kxd5 Rb4 52. Rxh6+ Kf7 53. Rh7+ Kg8 54. Rd7 Rxb2 55. Ke4 Rb4+ 56. Kf5 Rf4+ 57. Kg6 Rf8 58. Rd3 Rc8 59. Kxg5 1-0

[Event "RUDAR 1 IM 2022"]
[Site "Pozarevac"]
[Date "2022.03.28"]
[Round "4.5"]
[White "Bura, Goran"]
[Black "Trifunovic, Miroljub"]
[Result "1/2-1/2"]
[ECO "E06"]
[WhiteElo "2185"]
[BlackElo "2144"]
[Annotator "NA"]
[PlyCount "100"]
[EventDate "2022.03.27"]
[EventType "tourn"]
[EventCountry "SRB"]
[SourceTitle "playchess.com"]
[Source "ChessBase"]
[SourceQuality "1"]
[TimeControl "40/5400+30:900+30"]

1. d4 Nf6 2. c4 e6 3. Nf3 d5 4. g3 Be7 5. Bg2 O-O 6. O-O c6 7. Nbd2 Na6 8. Ne5 c5 9. Ndf3 cxd4 10. Nxd4 Nc5 11. Be3 Ncd7 12. Ndf3 Nxe5 13. Nxe5 Qc7 14. Qd4 Rd8 15. cxd5 Nxd5 16. Rac1 Qd6 17. Nc4 Qa6 18. Rfd1 b5 19. Ne5 Bb7 20. Bd2 Nf6 21. Bxb7 Qxb7 22. Qf4 Bd6 23. Ba5 Bxe5 24. Qxe5 Rxd1+ 25. Rxd1 h6 26. Rc1 a6 27. Rc7 Qd5 28. Qxd5 Nxd5 29. Rc6 Ne7 30. Rd6 Kf8 31. e4 Ke8 32. Kg2 e5 33. h4 f6 34. h5 Kf7 35. f4 exf4 36. gxf4 Rc8 37. e5 fxe5 38. fxe5 Rc6 39. Kf3 Rxd6 40. exd6 Nc6 41. Bc3 b4 42. Be1 Ke6 43. Bg3 Nd4+ 44. Kg4 Nc6 45. b3 a5 46. Bf4 Nd4 47. Be3 Nc6 48. Bf4 Kf6 49. Bg3 Ke6 50. Bf4 Nd8 1/2-1/2

[Event "RUDAR 1 IM 2022"]
[Site "Pozarevac"]
[Date "2022.03.29"]
[Round "6.1"]
[White "Savitha Shri B"]
[Black "Acor, Corey"]
[Result "0-1"]
[ECO "C60"]
[WhiteElo "2257"]
[BlackElo "2326"]
[Annotator "NA"]
[PlyCount "80"]
[EventDate "2022.03.27"]
[EventType "tourn"]
[EventCountry "SRB"]
[SourceTitle "playchess.com"]
[Source "ChessBase"]
[SourceQuality "1"]
[TimeControl "40/5400+30:900+30"]

1. e4 e5 2. Nf3 Nc6 3. Bb5 Nge7 4. O-O d6 5. c3 Bd7 6. d4 Ng6 7. d5 Nb8 8. c4 Be7 9. Nc3 h6 10. Bxd7+ Nxd7 11. Be3 Bg5 12. Qd2 Bxe3 13. Qxe3 O-O 14. Ne2 f5 15. exf5 Rxf5 16. Ne1 Qh4 17. Rc1 a5 18. Nd3 Raf8 19. h3 e4 20. Ng3 Rf3 21. gxf3 Rxf3 22. Qe2 Nde5 23. Nxe5 Nf4 24. Qxe4 Rxg3+ 25. fxg3 Qxg3+ 26. Kh1 Qxh3+ 27. Kg1 Qg3+ 28. Kh1 Qh4+ 29. Kg1 Nh3+ 30. Kh2 Qxe4 31. Rce1 Qc2+ 32. Kxh3 dxe5 33. Rxe5 Qd3+ 34. Kg2 Qxc4 35. Rf3 Qxa2 36. Re8+ Kh7 37. Re7 Qxd5 38. Rxc7 Qg5+ 39. Kh3 Qh5+ 40. Kg2 Qg4+ 0-1

[Event "RUDAR 1 IM 2022"]
[Site "Pozarevac"]
[Date "2022.03.29"]
[Round "6.4"]
[White "Bura, Goran"]
[Black "Anishka Vikram"]
[Result "1-0"]
[ECO "B51"]
[WhiteElo "2185"]
[BlackElo "2000"]
[Annotator "TA"]
[PlyCount "75"]
[EventDate "2022.03.27"]
[EventType "tourn"]
[EventCountry "SRB"]
[SourceTitle "playchess.com"]
[Source "ChessBase"]
[SourceQuality "1"]
[TimeControl "40/5400+30:900+30"]

1. e4 c5 2. Nf3 d6 3. Bb5+ Nd7 4. d4 cxd4 5. Qxd4 e5 6. Qd3 a6 7. Bxd7+ Bxd7 8. c4 b5 9. Nc3 bxc4 10. Qxc4 Be6 11. Qd3 Nf6 12. O-O h6 13. Rd1 Be7 14. Qe2 Qc7 15. h3 O-O 16. Nh4 Rfd8 17. Qf3 d5 (17... Qd7 $1 $15) 18. exd5 $11 Nxd5 (18... Bxd5 {is interesting.} 19. Nxd5 Rxd5 20. Rxd5 e4) 19. Nxd5 Bxd5 20. Rxd5 Rxd5 21. Qxd5 Rd8 22. Qb3 Bxh4 23. Be3 Rb8 24. Qa4 Bf6 (24... Bg5 $11) 25. Rc1 $16 Qb7 26. b3 Rc8 27. Rd1 Rc2 ({Black should try} 27... Rc6) 28. Qe8+ (28. Rd6 $16) 28... Kh7 $14 29. Rd7 Rc7 30. Rd6 Be7 31. Rb6 Qd5 $1 32. Rxa6 Bg5 33. Qa8 ({Much worse is} 33. Ra8 $6 Bxe3 34. fxe3 Rc1+ 35. Kh2 Qd1 36. Qxf7 Qg1+ 37. Kg3 Qxe3+ 38. Qf3 Qe1+ 39. Kh2 (39. Kg4 $2 Qb4+ 40. Kg3 Rc3 $19) 39... Qg1+ 40. Kg3 Qe1+ 41. Kh2 (41. Kg4 $2 Qb4+ 42. Kg3 Rc3 $19) 41... Qg1+ 42. Kg3 Qe1+ $11) 33... Qd3 34. Bxg5 hxg5 35. Ra4 (35. Ra7 $16 Rc1+ 36. Kh2) 35... Rc2 (35... Rc1+ $1 $14 36. Kh2 Rc2) 36. Qf3 $16 Qd2 $2 (36... Qxf3 $16 37. gxf3 Rb2) 37. Qh5+ Kg8 38. Ra8+ 1-0

[Event "RUDAR 1 IM 2022"]
[Site "Pozarevac"]
[Date "2022.03.29"]
[Round "6.5"]
[White "Milanovic, Slavisa"]
[Black "Dudukovic, Nikola"]
[Result "1/2-1/2"]
[ECO "A39"]
[WhiteElo "2296"]
[BlackElo "2362"]
[Annotator "NA"]
[PlyCount "20"]
[EventDate "2022.03.27"]
[EventType "tourn"]
[EventCountry "SRB"]
[SourceTitle "playchess.com"]
[Source "ChessBase"]
[SourceQuality "1"]
[TimeControl "40/5400+30:900+30"]

1. c4 Nf6 2. Nc3 g6 3. Nf3 Bg7 4. g3 O-O 5. Bg2 c5 6. O-O Nc6 7. d4 cxd4 8. Nxd4 Ng4 9. e3 Nge5 10. b3 Nxd4 1/2-1/2

[Event "RUDAR 1 IM 2022"]
[Site "Pozarevac"]
[Date "2022.03.30"]
[Round "7.2"]
[White "Trifunovic, Miroljub"]
[Black "Savitha Shri B"]
[Result "0-1"]
[ECO "D79"]
[WhiteElo "2144"]
[BlackElo "2257"]
[Annotator "NA"]
[PlyCount "64"]
[EventDate "2022.03.27"]
[EventType "tourn"]
[EventCountry "SRB"]
[SourceTitle "playchess.com"]
[Source "ChessBase"]
[SourceQuality "1"]
[TimeControl "40/5400+30:900+30"]

1. d4 Nf6 2. Nf3 g6 3. g3 Bg7 4. Bg2 c5 5. c3 cxd4 6. cxd4 d5 7. Nc3 Nc6 8. Ne5 O-O 9. O-O Bf5 10. Nxc6 bxc6 11. Bf4 Qb6 12. Na4 Qb5 13. Rc1 Nd7 14. b3 Rfe8 15. Re1 e5 16. dxe5 Nxe5 17. Rc5 Qa6 18. Qc1 Bd7 19. Rc2 Bf8 20. Bxe5 Rxe5 21. e4 Rae8 22. Qd2 Bf5 23. Rec1 dxe4 24. Bf1 Qb7 25. Rxc6 e3 26. fxe3 Bh6 27. R6c3 Bxe3+ 28. Rxe3 Rxe3 29. Qa5 Qe4 30. Qxa7 Qf3 31. Qa5 Be4 32. Qd2 Qh1+ 0-1

[Event "RUDAR 1 IM 2022"]
[Site "Pozarevac"]
[Date "2022.03.30"]
[Round "7.3"]
[White "Anishka Vikram"]
[Black "Milanovic, Slavisa"]
[Result "0-1"]
[ECO "E43"]
[WhiteElo "2000"]
[BlackElo "2296"]
[Annotator "NA"]
[PlyCount "86"]
[EventDate "2022.03.27"]
[EventType "tourn"]
[EventCountry "SRB"]
[SourceTitle "playchess.com"]
[Source "ChessBase"]
[SourceQuality "1"]
[TimeControl "40/5400+30:900+30"]

1. d4 Nf6 2. c4 e6 3. Nc3 Bb4 4. e3 c5 5. Bd3 O-O 6. Nf3 b6 7. O-O Bb7 8. Re1 d5 9. a3 cxd4 10. exd4 Bxc3 11. bxc3 dxc4 12. Bxc4 Qc7 13. Ne5 Nbd7 14. Qe2 Rac8 15. Ba2 Qxc3 16. Nxd7 Nxd7 17. Bg5 Qxd4 18. Rad1 Qa4 19. Be7 Rfe8 20. Bxe6 Rxe7 21. Bxd7 Rxe2 22. Bxa4 Rxe1+ 23. Rxe1 g6 24. Re8+ Rxe8 25. Bxe8 Kf8 26. Ba4 Ke7 27. f4 Kd6 28. Kf2 Kc5 29. Be8 f5 30. g3 Bc6 31. Bf7 Bd5 32. Be8 b5 33. Ke3 a5 34. Kd2 b4 35. axb4+ axb4 36. h4 Kd4 37. h5 gxh5 38. Bxh5 b3 39. Bd1 b2 40. Bc2 Be4 41. Bxe4 fxe4 42. Kc2 e3 43. Kxb2 e2 0-1

[Event "RUDAR 1 IM 2022"]
[Site "Pozarevac"]
[Date "2022.03.30"]
[Round "7.4"]
[White "Bryakin, Mikhail"]
[Black "Bura, Goran"]
[Result "1/2-1/2"]
[ECO "E62"]
[WhiteElo "2481"]
[BlackElo "2185"]
[Annotator "ChessBase"]
[PlyCount "188"]
[EventDate "2022.03.27"]
[EventType "tourn"]
[EventCountry "SRB"]
[SourceTitle "playchess.com"]
[Source "ChessBase"]
[SourceQuality "1"]
[TimeControl "40/5400+30:900+30"]

1. d4 d6 2. Nf3 g6 3. g3 Nf6 4. c4 Bg7 5. Bg2 O-O 6. O-O Nc6 7. Nc3 Bf5 8. Re1 Ne4 9. Nh4 Nxc3 10. bxc3 Bd7 11. f4 Na5 12. Qd3 c5 13. Be3 Rc8 14. Rab1 b6 15. d5 a6 16. Bf2 b5 17. cxb5 Bxb5 18. Qc2 Nc4 19. Rbc1 Qa5 20. e4 Na3 21. Qd2 Nc4 22. Qc2 Rb8 23. Nf3 Na3 24. Qd2 Nc4 25. Qc2 Na3 26. Qd2 Nc4 27. Qc2 Ba4 28. Qe2 Rb2 29. Qd3 Bb5 30. a4 Qxa4 31. Qd1 Qxd1 32. Rexd1 a5 33. e5 a4 34. Ne1 Na5 35. Ra1 Nb3 36. Ra3 dxe5 37. c4 Bxc4 38. Rxa4 Be2 39. d6 exd6 40. Rxd6 exf4 41. gxf4 Nd4 42. Ra5 Nf5 43. Rd7 Bd4 44. Bxd4 cxd4 45. Re5 Rd2 46. Bh3 Nh4 47. Ree7 Bc4 48. Re4 Bb5 49. Rdxd4 Rxd4 50. Rxd4 Re8 51. Rd1 Re3 52. Rb1 Bc6 53. Rc1 Bd5 54. Bd7 Nf3+ 55. Nxf3 Rxf3 56. f5 g5 57. Rc5 Be4 58. Re5 Bd3 59. Kg2 Rf4 60. Kg3 Kg7 61. Rc5 h5 62. h3 h4+ 63. Kh2 Be4 64. Ra5 Rf2+ 65. Kg1 Rf3 66. Re5 Rf4 67. Ra5 Kf6 68. Ra6+ Ke7 69. Ra7 Kd6 70. Be8 f6 71. Ra6+ Ke5 72. Bd7 Bxf5 73. Ra5+ Ke4 74. Ra4+ Ke3 75. Ra3+ Bd3 76. Bb5 Rf1+ 77. Kg2 Rf2+ 78. Kg1 Rd2 79. Bc6 f5 80. Bb5 Ke4 81. Ra4+ Kf3 82. Ra3 Ke4 83. Ra4+ Ke3 84. Ra3 Ke2 85. Bc6 Rc2 86. Bb7 Rc7 87. Bd5 g4 88. hxg4 fxg4 89. Ra4 Rg7 90. Be6 Kf3 91. Ra3 Ke4 92. Ra4+ Kf3 93. Ra3 Ke2 94. Ra4 Kf3 1/2-1/2

[Event "RUDAR 1 IM 2022"]
[Site "Pozarevac"]
[Date "2022.03.31"]
[Round "8.1"]
[White "Acor, Corey"]
[Black "Trifunovic, Miroljub"]
[Result "1-0"]
[ECO "C26"]
[WhiteElo "2326"]
[BlackElo "2144"]
[Annotator "NA"]
[PlyCount "59"]
[EventDate "2022.03.27"]
[EventType "tourn"]
[EventCountry "SRB"]
[SourceTitle "playchess.com"]
[Source "ChessBase"]
[SourceQuality "1"]
[TimeControl "40/5400+30:900+30"]

1. e4 e5 2. Nc3 Nf6 3. g3 d5 4. exd5 Nxd5 5. Bg2 Nxc3 6. bxc3 Bd6 7. Nf3 O-O 8. O-O c6 9. d4 exd4 10. cxd4 Nd7 11. c4 Nf6 12. Qc2 Re8 13. Bb2 h6 14. Rfe1 Rxe1+ 15. Rxe1 Be6 16. Ne5 Qa5 17. Bc3 Qc7 18. f4 Qc8 19. a4 Rb8 20. a5 Ne8 21. Qe2 Nc7 22. Be4 Bf5 23. Qh5 Bxe4 24. Qxf7+ Kh7 25. Rxe4 Qe8 26. Qf5+ g6 27. Qf6 Be7 28. Qxg6+ Qxg6 29. Nxg6 Bf6 30. Ne5 1-0

[Event "RUDAR 1 IM 2022"]
[Site "Pozarevac"]
[Date "2022.03.31"]
[Round "8.3"]
[White "Savitha Shri B"]
[Black "Dudukovic, Nikola"]
[Result "1/2-1/2"]
[ECO "D66"]
[WhiteElo "2257"]
[BlackElo "2362"]
[Annotator "NA"]
[PlyCount "51"]
[EventDate "2022.03.27"]
[EventType "tourn"]
[EventCountry "SRB"]
[SourceTitle "playchess.com"]
[Source "ChessBase"]
[SourceQuality "1"]
[TimeControl "40/5400+30:900+30"]

1. d4 Nf6 2. c4 e6 3. Nc3 d5 4. Nf3 Be7 5. Bg5 O-O 6. e3 Nbd7 7. Bd3 c6 8. O-O h6 9. Bh4 b6 10. Rc1 Bb7 11. Re1 a6 12. cxd5 cxd5 13. Bb1 b5 14. Ne5 g6 15. h3 Re8 16. Ne2 Rc8 17. Rxc8 Qxc8 18. Qc1 Nb6 19. Bd3 g5 20. Bg3 Qxc1 21. Rxc1 Rc8 22. Rxc8+ Bxc8 23. b3 Bb7 24. f3 Nfd7 25. Nxd7 Nxd7 26. Bc7 1/2-1/2

[Event "RUDAR 1 IM 2022"]
[Site "Pozarevac"]
[Date "2022.03.31"]
[Round "8.4"]
[White "Spasic, Petar"]
[Black "Anishka Vikram"]
[Result "1-0"]
[ECO "B50"]
[WhiteElo "2334"]
[BlackElo "2000"]
[Annotator "NA"]
[PlyCount "56"]
[EventDate "2022.03.27"]
[EventType "tourn"]
[EventCountry "SRB"]
[SourceTitle "playchess.com"]
[Source "ChessBase"]
[SourceQuality "1"]
[TimeControl "40/5400+30:900+30"]

1. e4 c5 2. Nf3 d6 3. Bd3 Nc6 4. c3 g6 5. h3 Bg7 6. O-O Nf6 7. Bc2 O-O 8. Re1 b5 9. d4 Bb7 10. a3 a5 11. Qe2 Ba6 12. e5 b4 13. c4 Nd7 14. Be4 Rc8 15. e6 Nb6 16. exf7+ Kh8 17. Ng5 Bxc4 18. Qg4 Bxf7 19. Qh4 h6 20. Bxg6 Bxg6 21. Ne6 Qd7 22. Bxh6 Rf5 23. Bxg7+ Kg8 24. g4 Rd5 25. Qh6 Kf7 26. Re3 Nxd4 27. Bxd4 cxd4 28. Qg7+ Ke8 1-0

[Event "RUDAR 1 IM 2022"]
[Site "Pozarevac"]
[Date "2022.03.31"]
[Round "8.5"]
[White "Andreev, Konstantin"]
[Black "Bura, Goran"]
[Result "0-1"]
[ECO "B28"]
[WhiteElo "2238"]
[BlackElo "2185"]
[Annotator "NA"]
[PlyCount "64"]
[EventDate "2022.03.27"]
[EventType "tourn"]
[EventCountry "SRB"]
[SourceTitle "playchess.com"]
[Source "ChessBase"]
[SourceQuality "1"]
[TimeControl "40/5400+30:900+30"]

1. e4 c5 2. Nf3 a6 3. c4 Nc6 4. d4 cxd4 5. Nxd4 e5 6. Nc2 Bc5 7. Nc3 d6 8. Be2 Nge7 9. Be3 Bxe3 10. fxe3 O-O 11. Qd2 Be6 12. Rd1 Qb6 13. O-O Rfd8 14. Kh1 Rac8 15. b3 Qa7 16. Ne1 Rf8 17. Nf3 Rcd8 18. Nh4 g6 19. Bd3 f6 20. Bb1 Qc5 21. Rc1 Qa5 22. Qb2 Qc5 23. Nd5 Kg7 24. b4 Qa7 25. b5 axb5 26. cxb5 Bxd5 27. exd5 Nb8 28. Rc7 Rd7 29. b6 Qa6 30. Rfc1 Nxd5 31. Qc2 f5 32. Qd2 Nxc7 0-1

[Event "RUDAR 1 IM 2022"]
[Site "Pozarevac"]
[Date "2022.04.01"]
[Round "9.1"]
[White "Dudukovic, Nikola"]
[Black "Acor, Corey"]
[Result "1/2-1/2"]
[ECO "E05"]
[WhiteElo "2362"]
[BlackElo "2326"]
[Annotator "NA"]
[PlyCount "59"]
[EventDate "2022.03.27"]
[EventType "tourn"]
[EventCountry "SRB"]
[SourceTitle "playchess.com"]
[Source "ChessBase"]
[SourceQuality "1"]
[TimeControl "40/5400+30:900+30"]

1. d4 Nf6 2. c4 e6 3. Nf3 d5 4. g3 Be7 5. Bg2 O-O 6. O-O dxc4 7. Na3 c5 8. Nxc4 Nc6 9. dxc5 Bxc5 10. Nfe5 Nxe5 11. Nxe5 Qe7 12. Qb3 Rd8 13. Be3 Bxe3 14. Qxe3 Nd5 15. Qb3 Qc7 16. Nd3 b6 17. Rac1 Qe7 18. Nb4 Bb7 19. Nc6 Bxc6 20. Rxc6 Rd7 21. Rfc1 Rad8 22. Rc8 g6 23. Bxd5 Rxd5 24. R1c7 R5d7 25. Qc3 Rxc7 26. Rxc7 Rd7 27. Rc8+ Rd8 28. Rc4 Qd6 29. e4 Qd3 30. Qxd3 1/2-1/2

[Event "RUDAR 1 IM 2022"]
[Site "Pozarevac"]
[Date "2022.04.01"]
[Round "9.2"]
[White "Bryakin, Mikhail"]
[Black "Spasic, Petar"]
[Result "1/2-1/2"]
[ECO "D76"]
[WhiteElo "2481"]
[BlackElo "2334"]
[Annotator "ChessBase"]
[PlyCount "241"]
[EventDate "2022.03.27"]
[EventType "tourn"]
[EventCountry "SRB"]
[SourceTitle "playchess.com"]
[Source "ChessBase"]
[SourceQuality "1"]
[TimeControl "40/5400+30:900+30"]

1. d4 Nf6 2. c4 g6 3. g3 Bg7 4. Bg2 d5 5. Nf3 O-O 6. O-O Nc6 7. cxd5 Nxd5 8. Nc3 Nb6 9. e3 Be6 10. b3 a5 11. Ng5 Bd7 12. Nge4 e5 13. d5 Nb4 14. Nc5 e4 15. Bb2 Bc8 16. N5xe4 N6xd5 17. a3 Nxc3 18. Bxc3 Bxc3 19. Nxc3 Na6 20. Qxd8 Rxd8 21. Rfd1 Re8 22. Nd5 Kg7 23. Rac1 c6 24. Nb6 Rb8 25. Nc4 a4 26. bxa4 Nc7 27. Nd6 Rd8 28. Nxc8 Rdxc8 29. Rd7 Na6 30. Bf1 Rc7 31. Rxc7 Nxc7 32. Rb1 Ne6 33. a5 Ra8 34. Rxb7 Rxa5 35. Rb6 Rxa3 36. Rxc6 Ra7 37. g4 Ng5 38. Kg2 h6 39. h4 Nh7 40. Bc4 Nf6 41. f3 Re7 42. Kf2 Rb7 43. Kg3 Re7 44. Kf4 Ra7 45. e4 Nh7 46. e5 Nf8 47. Ke4 g5 48. hxg5 hxg5 49. Kf5 Ng6 50. Rc5 Nh4+ 51. Ke4 Ng6 52. e6 fxe6 53. Rxg5 Kf6 54. Rc5 e5 55. Bb5 Ra1 56. Rc8 Re1+ 57. Kd3 Rb1 58. Bc4 Rd1+ 59. Ke2 Rd4 60. Ke3 Nf4 61. Rc6+ Kg5 62. Rc5 Kf6 63. Ba6 Ra4 64. Rc6+ Kg5 65. Bc4 Ng6 66. Bd3 Nf4 67. Be4 Ra2 68. Rc2 Rxc2 69. Bxc2 Kf6 70. Ke4 Ne6 71. Bd1 Ng5+ 72. Ke3 Ne6 73. Bb3 Nf4 74. Bc4 Ng6 75. Ke4 Nf4 76. Bb3 Nh3 77. Bd5 Ng5+ 78. Ke3 Nh3 79. Kd3 Nf4+ 80. Kc4 Ng2 81. Be4 Nf4 82. Kc5 Ne6+ 83. Kd6 Ng5 84. Bd5 Nh3 85. Kd7 Nf4 86. Be4 Ne6 87. Ke8 Ng5 88. Kf8 Ne6+ 89. Kg8 Ng5 90. Bd5 Kg6 91. Bb7 Kf6 92. Be4 Ne6 93. Kh7 Kg5 94. Bd5 Nc7 95. Bc6 Ne6 96. Kg8 Kf6 97. Be4 Ng5 98. Bd5 Kg6 99. Bb7 Kf6 100. Be4 Ne6 101. Kh7 Ng5+ 102. Kh6 Nh3 103. Bb7 Ng5 104. Kh5 Ne6 105. Kh4 Kg6 106. Bd5 Ng5 107. Bc6 Kf6 108. Be4 Ne6 109. Bd5 Ng5 110. Kg3 Kg6 111. Be4+ Kf6 112. Bf5 Nf7 113. Kf2 Ng5 114. Ke3 Nf7 115. Be4 Ng5 116. Bd5 Nh3 117. Bb3 Nf4 118. Bd1 Nh3 119. Be2 Nf4 120. Bc4 Nh3 121. Ba2 1/2-1/2

[Event "RUDAR 1 IM 2022"]
[Site "Pozarevac"]
[Date "2022.04.01"]
[Round "9.3"]
[White "Trifunovic, Miroljub"]
[Black "Andreev, Konstantin"]
[Result "0-1"]
[ECO "E09"]
[WhiteElo "2144"]
[BlackElo "2238"]
[Annotator "NA"]
[PlyCount "75"]
[EventDate "2022.03.27"]
[EventType "tourn"]
[EventCountry "SRB"]
[SourceTitle "playchess.com"]
[Source "ChessBase"]
[SourceQuality "1"]
[TimeControl "40/5400+30:900+30"]

1. Nf3 Nf6 2. g3 d5 3. Bg2 e6 4. O-O Be7 5. d4 O-O 6. c4 c6 7. Qc2 b6 8. Rd1 Ba6 9. b3 Nbd7 10. Nbd2 c5 11. Ba3 Rc8 12. e3 b5 13. cxb5 cxd4 14. Bxe7 Qxe7 15. Qb2 dxe3 16. bxa6 exd2 17. Nxd2 Nc5 18. Bf1 Qd6 19. Qa3 Qb6 20. b4 Nce4 21. Nxe4 Nxe4 22. Qb2 Nc3 23. Rd2 Ne4 24. Rdd1 Rb8 25. a3 Rfd8 26. Rac1 d4 27. Bd3 Nc3 28. Re1 Qd6 29. Qd2 e5 30. f4 f6 31. fxe5 fxe5 32. Qg5 Re8 33. Qg4 Rbd8 34. Rc2 e4 35. Bc4+ Kh8 36. Bf1 d3 37. Rd2 Qxa6 38. Qf5 0-1

[Event "RUDAR 1 IM 2022"]
[Site "Pozarevac"]
[Date "2022.04.01"]
[Round "9.4"]
[White "Anishka Vikram"]
[Black "Savitha Shri B"]
[Result "0-1"]
[ECO "E94"]
[WhiteElo "2000"]
[BlackElo "2257"]
[Annotator "NA"]
[PlyCount "66"]
[EventDate "2022.03.27"]
[EventType "tourn"]
[EventCountry "SRB"]
[SourceTitle "playchess.com"]
[Source "ChessBase"]
[SourceQuality "1"]
[TimeControl "40/5400+30:900+30"]

1. d4 Nf6 2. c4 g6 3. Nc3 Bg7 4. e4 d6 5. Nf3 O-O 6. Be2 Nbd7 7. O-O e5 8. d5 Nc5 9. Nd2 a5 10. b3 Bh6 11. f3 Be3+ 12. Kh1 Nh5 13. Qe1 Qg5 14. Nd1 Bd4 15. Rb1 Nf4 16. g4 h5 17. Bb2 Nfd3 18. Bxd3 Nxd3 19. Qe2 Nxb2 20. Nxb2 Bc3 21. f4 Qxg4 22. Qd3 Bxb2 23. Rxb2 exf4 24. Rg1 Qh3 25. Qd4 Bg4 26. Qf6 Qe3 27. Rf1 f3 28. Nxf3 Qxe4 29. Rbf2 Rae8 30. Rg1 Re5 31. Rgg2 Rf5 32. Qd4 Bxf3 33. Qxe4 Bxe4 0-1